 Dungeon Crawl Stone Soup version 0.17.1-1-g73c8601 (webtiles) character file.

901 lucasterio the Cudgeler (level 7, 0/52 HPs)
             Began as a Demonspawn Berserker on Dec 19, 2015.
             Was an Elder of Trog.
             Succumbed to a killer bee's poison
             ... on level 8 of the Dungeon.
             The game lasted 00:14:16 (4884 turns).

lucasterio the Cudgeler (Demonspawn Berserker)      Turns: 4884, Time: 00:14:16

Health: 0/52       AC: 13    Str: 19    XL:     7   Next: 80%
Magic:  7/7        EV: 11    Int:  9    God:    Trog [****..]
Gold:   272        SH:  0    Dex: 12    Spells: 0 memorised, 6 levels left

rFire  x . .     SeeInvis .     g - +0 whip (freeze)
rCold  + + .     Clarity  .     B - +0 ice dragon armour
rNeg   . . .     SustAt   .     (no shield)
rPois  .         Gourm    .     (no helmet)
rElec  .         Spirit   .     (no cloak)
rCorr  +         Warding  .     (no gloves)
rMut   .         Stasis   .     (no boots)
MR     .....                    G - amulet of resist corrosion
Stlth  ..........               (no ring)
                                D - +1 ring of evasion

@: lethally poisoned (0 -> -12), not resistant to hostile enchantments,
extremely unstealthy
A: talons 2, yellow scales 1, spiny 2
a: Berserk, Trog's Hand, Brothers in Arms, Burn Spellbooks, Renounce Religion


You were on level 8 of the Dungeon.
You worshipped Trog.
Trog was greatly pleased with you.
You were not hungry.

You visited 1 branch of the dungeon, and saw 6 of its levels.
You also visited: Sewer.

You collected 272 gold pieces.

Inventory:

Hand Weapons
 g - a +0 whip of freezing (weapon)
 r - a +0 flail
 v - a +1 mace of protection
Missiles
 f - 193 stones (quivered)
 p - 2 javelins
Armour
 l - a +2 pair of boots
 B - a +0 ice dragon armour (worn)
Jewellery
 D - a +1 ring of evasion (left hand)
 G - an amulet of resist corrosion (around neck)
Wands
 e - a wand of digging (16)
 m - a wand of polymorph (13)
Scrolls
 b - 4 scrolls of remove curse
 h - a scroll of fear
 k - 2 scrolls of enchant weapon
 o - 3 scrolls of magic mapping
 u - 4 scrolls of identify {unknown}
 y - 3 scrolls of amnesia {unknown}
Potions
 a - 2 potions of curing {unknown}
 d - a potion of mutation {unknown}
 i - a potion of cancellation {unknown}
 j - a potion of heal wounds {unknown}
 s - a potion of lignification {unknown}
 w - a potion of brilliance {unknown}
 z - a potion of might {unknown}
 A - 2 potions of magic {unknown}
 C - a potion of agility {unknown}
 E - a potion of degeneration {unknown}
 F - a potion of resistance {unknown}
Comestibles
 c - 7 bread rations
 n - 5 meat rations
 q - 13 fruits
 t - a beef jerky


   Skills:
 - Level 3.0 Fighting
 * Level 7.2 Maces & Flails
 + Level 4.9 Armour
 - Level 1.7 Dodging


You had 6 spell levels left.
You didn't know any spells.

Dungeon Overview and Level Annotations

Branches:
Dungeon (8/15)
 Temple: D:4-7         Lair: D:8-11

Altars:
Ashenzari
Makhleb
Sif Muna
Vehumet


Innate Abilities, Weirdness & Mutations

You have razor-sharp toenails.
You are partially covered in yellow scales (AC +2).
You are mostly covered in sharp spines.


Message History

You feel sick.
The killer bee is struck by your spines.
The killer bee stings you but does no damage.
The killer bee is struck by your spines.
You kill the killer bee!
Trog accepts your kill. The scorpion is struck by your spines.
The scorpion closely misses you.
The killer bee is struck by your spines.
The killer bee stings you but does no damage. x2
* * * LOW HITPOINT WARNING * * *
You feel sick. The killer bee closely misses you.
The killer bee is struck by your spines.
The killer bee closely misses you. The scorpion is struck by your spines.
The scorpion closely misses you.
The killer bee stings you but does no damage.
The killer bee is struck by your spines.
You kill the killer bee!
Trog accepts your kill.
You are too injured to fight recklessly!
You die...

##. .). .... #... #
....# #..####. ##...#
#....#.##.....##
#......s†.......
#####...yy@†....#
#..##.............#
......###.Z.........
####.....###........#...
..#.......aO..####### #.
.........5####
..........# ..........#
..........#


You could see a queen bee, an ogre, a scorpion, a worker ant, a killer bee, a
crimson imp and a trapdoor spider zombie.

Vanquished Creatures
  A centaur (D:5)
  8 killer bees (D:8)
  A crimson imp (D:5)
  A jelly (D:5)
  2 orc priests
  A hound (D:3)
  Natasha (twice) (D:4)
  A hound zombie (D:5)
  3 gnolls (D:3)
  2 river rats (D:3)
  A shadow imp (D:5)
  7 adders
  An ooze (D:4)
  5 worms
  12 orcs
  3 bats (D:1)
  11 goblins
  8 hobgoblins
  9 jackals
  17 kobolds
  2 quokkas
  6 ball pythons
  A ball python skeleton (D:5)
  5 giant cockroaches
  5 giant geckos
  3 giant newts (Sewer)
  11 rats
  A plant (Sewer)
130 creatures vanquished.

Vanquished Creatures (others)
  A plant (Sewer)
1 creature vanquished.

Grand Total: 131 creatures vanquished

Notes
Turn   | Place    | Note
--------------------------------------------------------------
     0 | D:1      | lucasterio the Demonspawn Berserker began the quest for the Orb.
     0 | D:1      | Reached XP level 1. HP: 18/18 MP: 1/1
   337 | D:1      | Gained mutation: You are partially covered in sharp spines. [demonic ancestry]
   337 | D:1      | Reached XP level 2. HP: 17/24 MP: 2/2
   590 | D:1      | Reached ** piety under Trog
   792 | D:1      | Gained mutation: You are partially covered in yellow scales (AC +2). [demonic ancestry]
   792 | D:1      | Reached XP level 3. HP: 25/29 MP: 3/3
  1265 | D:2      | Found a shattered altar of Ashenzari.
  1297 | D:2      | Found a faded altar to an unknown god.
  1647 | D:2      | Reached skill level 4 in Maces & Flails
  1647 | D:2      | Gained mutation: You are mostly covered in sharp spines. [demonic ancestry]
  1647 | D:2      | Reached XP level 4. HP: 35/35 MP: 4/4
  1952 | D:3      | Reached *** piety under Trog
  1962 | D:3      | Found a glowing drain.
  1965 | D:3      | Reached XP level 5. HP: 41/41 MP: 5/5
  1974 | Sewer    | Entered a sewer
  2639 | D:3      | Reached skill level 5 in Maces & Flails
  3376 | D:4      | Found a deep blue altar of Sif Muna.
  3385 | D:4      | Reached **** piety under Trog
  3385 | D:4      | Gained mutation: You have sharp toenails. [demonic ancestry]
  3385 | D:4      | Reached XP level 6. HP: 27/47 MP: 6/6
  3601 | D:4      | Noticed Natasha
  3606 | D:4      | Killed Natasha
  3866 | D:4      | Found a burning altar of Makhleb.
  4116 | D:4      | Noticed Natasha
  4122 | D:4      | Killed Natasha
  4366 | D:5      | Entered Level 5 of the Dungeon
  4366 | D:5      | Found a radiant altar of Vehumet.
  4552 | D:5      | Reached skill level 6 in Maces & Flails
  4640 | D:5      | Gained mutation: You have razor-sharp toenails. [demonic ancestry]
  4640 | D:5      | Reached XP level 7. HP: 50/52 MP: 7/7
  4860 | D:5      | You fall through a shaft for 3 floors!
  4881 | D:8      | Noticed a queen bee
  4881 | D:8      | Reached skill level 7 in Maces & Flails
  4882 | D:8      | HP: 2/52 [poisoned by a killer bee]
  4884 | D:8      | Succumbed to a killer bee's poison

Action                   |  1- 3 |  4- 6 |  7- 9 || total
-------------------------+-------+-------+-------++-------
Melee: Mace              |    68 |    77 |       ||   145
       Flail             |     5 |       |       ||     5
       Whip              |       |    71 |     2 ||    73
Invok: Berserk           |       |     2 |       ||     2
  Use: Scroll            |       |     8 |     1 ||     9
  Eat: Chunk             |     2 |    11 |       ||    13
       Pizza             |       |     1 |       ||     1
